 Dungeon Crawl Stone Soup version 0.31.0-11-ge490571c62 (webtiles) character file.

Game seed: 5055574952771009658

116 qw the Shooter (level 4, -3/23 HPs)
             Began as a Spriggan Hunter on Feb 3, 2024.
             Frozen to death by an endoplasm (4 damage)
             ... on level 3 of the Dungeon.
             The game lasted 00:00:06 (1565 turns).

qw the Shooter (Spriggan Hunter)                    Turns: 1565, Time: 00:00:06

Health: -3/23      AC:  3    Str:  7    XL:     4   Next: 70%
Magic:  5/5        EV: 20    Int: 10    God:
Gold:   152        SH:  0    Dex: 20    Spells: 3/3 levels left

rFire   . . .        a - +0 shortbow (drain)
rCold   . . .        (shield currently unavailable)
rNeg    . . .        c - +0 robe
rPois   .            (helmet restricted)
rElec   .            d - +0 cloak
rCorr   .            (gloves unavailable)
SInv    +            (boots unavailable)
Will    .....        (no amulet)
Stlth   ++           (no ring)
HPRegen 0.23/turn    (no ring)
MPRegen 0.09/turn

%: no passive effects
@: very quick
A: very small, no large weapons, unfitting armour, see invisible, speed 3
a: no special abilities


You were on level 3 of the Dungeon.
You visited 1 branch of the dungeon, and saw 3 of its levels.

You collected 152 gold pieces.


Innate Abilities, Weirdness & Mutations

You are very small and have problems with some larger weapons.
You are too small for most types of armour.
You have supernaturally acute eyesight. (SInv)
You cover ground extremely quickly. (Speed+++)


   Skills:
 + Level 1.9 Fighting
 - Level 5.0 Ranged Weapons
 - Level 5.0 Dodging
 - Level 1.5 Stealth


You had 3 spell levels left.
You didn't know any spells.
Your spell library was empty.

Inventory:

Hand Weapons
 a - a +0 shortbow of draining (weapon)
Armour
 c - a +0 robe (worn)
 d - a +0 cloak (worn)
Scrolls
 b - 3 scrolls of enchant armour {unknown}
 i - a scroll of blinking {unknown}
Potions
 e - a potion of haste
 f - a potion of curing {unknown}
 g - a potion of lignification {unknown}
 h - a potion of might {unknown}

Dungeon Overview and Level Annotations

Branches:
Dungeon (3/15)

Altars:

Shops:
D:3 (

Annotations:
D:3 Natasha


Message History

You shoot an arrow. The arrow barely misses the hobgoblin.
The hobgoblin barely misses you. The adder bites you.
You are poisoned.
The adder poisons you! The hobgoblin closely misses you.
You shoot an arrow. The arrow hits the hobgoblin.
You kill the hobgoblin!
You feel sick. The adder misses you. The adder bites you.
You are more poisoned.
The adder poisons you!
You shoot an arrow. The arrow closely misses the adder.
You feel sick. The adder closely misses you. The endoplasm barely misses you.
The adder bites you but does no damage.
You shoot an arrow. The arrow closely misses the adder.
You feel sick. The endoplasm freezes you.
You are frozen.
The adder completely misses you.
You shoot an arrow. The arrow hits the adder.
You drain the adder.
The adder is heavily wounded.
You feel sick. The adder barely misses you. The endoplasm hits you.
The adder completely misses you.
You shoot an arrow. The arrow hits the adder.
You drain the adder.
The adder is almost dead.
You feel sick.
Natasha, Servant of Life and Death comes into view.
The endoplasm misses you. The adder completely misses you.
The endoplasm hits you but does no damage.
You shoot an arrow. The arrow misses the adder.
You feel sick. The adder misses you. The endoplasm closely misses you.
The adder closely misses you.
You shoot an arrow. The arrow misses the adder.
You feel sick.
You are no longer poisoned.
The adder bites you. The endoplasm hits you.
You shoot an arrow. The arrow hits the adder!
You kill the adder!
Natasha casts a spell at you.
You easily resist.
The endoplasm freezes you.
You are frozen.
You die...

#### ## #...# ..#
#..#.# ..# #.#...#..#
#..\..#.# #...#..#
#.#@..#
...#%J..############
#.................###
#.h#############.....
#.. #..### #...
########..# #..
..........# ...
########..# ####..#


You could see Natasha and an endoplasm.

Vanquished Creatures
  Jessica (D:2)
  Terence (D:2)
  2 adders
  2 dart slugs
  An orc (D:3)
  5 ball pythons
  3 bats
  9 endoplasms
  3 giant cockroaches
  5 hobgoblins
  2 quokkas (D:1)
  4 frilled lizards
  7 goblins
  3 kobolds (D:2)
  3 rats
51 creatures vanquished.

Notes
Turn   | Place    | Note
-------+----------+-------------------------------------------
     0 | D:1      | qw the Spriggan Hunter began the quest for the Orb.
     0 | D:1      | Reached XP level 1. HP: 10/10 MP: 2/2
     0 | D:1      | 0 ||| qw: Version: 0.3-a-157-g843a77d
     0 | D:1      | 0 ||| qw: Game counter: 3566
     0 | D:1      | 0 ||| qw: Melee chars always use a shield: true
     0 | D:1      | 0 ||| qw: God list: Okawaru
     0 | D:1      | 0 ||| qw: Allow faded altars: false
     0 | D:1      | 0 ||| qw: Do Orc after clearing Dungeon:15 true
     0 | D:1      | 0 ||| qw: Do second Lair branch before Depths: true
     0 | D:1      | 0 ||| qw: Lair rune preference: random
     0 | D:1      | 0 ||| qw: Goals: Normal
     0 | D:1      | 0 ||| PLANNING D:1-11
   113 | D:1      | Reached skill level 3 in Dodging
   255 | D:1      | Reached XP level 2. HP: 14/14 MP: 3/3
   292 | D:1      | Found a faded altar of an unknown god.
   675 | D:1      | 675 ||| READING 2 scrolls labelled GUHIENOCHAYDA.
   676 | D:1      | 676 ||| READING scroll labelled XUGIME COICAEKA.
   777 | D:1      | 777 ||| READING scroll labelled GIRINOKHOA.
   777 | D:1      | 777 ||| BRANDING +0 shortbow.
   778 | D:1      | 778 ||| READING 2 scrolls labelled WIJAMUIFEGG.
   778 | D:1      | 778 ||| IDENTIFYING amethyst potion
   779 | D:1      | 779 ||| READING scroll of identify.
   779 | D:1      | 779 ||| IDENTIFYING viscous black potion
   780 | D:1      | 780 ||| DROPPING scroll of butterflies.
   781 | D:1      | 781 ||| DROPPING scroll of revelation.
   782 | D:1      | 782 ||| DROPPING potion of ambrosia.
   799 | D:2      | 799 ||| STAIRDANCE
   843 | D:2      | Reached XP level 3. HP: 18/18 MP: 4/4
   847 | D:2      | Noticed Terence
   852 | D:2      | Killed Terence
  1018 | D:2      | Reached XP level 4. HP: 22/22 MP: 5/5
  1037 | D:2      | Noticed Jessica
  1038 | D:2      | Killed Jessica
  1249 | D:2      | 1249 ||| UPGRADING to +0 cloak.
  1254 | D:2      | 1254 ||| READING scroll labelled GICKOI ISHIU.
  1255 | D:2      | 1255 ||| READING scroll labelled MINUEBBUTZA.
  1546 | D:3      | Found Jughouri's Weapon Shop.
  1562 | D:3      | Noticed Natasha
  1563 | D:3      | HP: 5/23 [poisoned by an adder]
  1564 | D:3      | HP: 2/23 [adder (1)]
  1565 | D:3      | Frozen to death by an endoplasm

Levels and vault maps discovered:
D:1:      amcnicky_arrival_abandoned_market, layout_basic,
          ebering_ecumenical_altar_mist
D:2:      layout_rooms, uniq_terence, uniq_jessica
D:3:      layout_loops_ring, serial_shops, nicolae_diamond_shop, uniq_natasha

Skill      XL: |  1  2  3  4 |
---------------+-------------+-----
Dodging        | 3 4 5 |  5.0
Ranged Weapons | 5 |  5.0
Fighting       | |  1.9
Stealth        | |  1.5

Action                     |  1- 3 |  4- 6 || total
---------------------------+-------+-------++-------
   Fire: Shortbow          |    79 |    49 ||   128
    Use: Scroll            |     5 |     2 ||     7
 Armour: Robe              |     7 |    11 ||    18
  Dodge: Dodged            |    21 |    20 ||    41

Table legend:
 A = Non-vault XP
 B = Vault XP
 C = Vault XP percentage of total XP
 D = Non-vault monster count
 E = Vault monster count
 F = Vault count percentage of total count
                 A         B        C        D         E       F
            +---------+---------+-------+---------+---------+-------
      Total |     112 |      69 |  38.1 |      49 |       2 |   3.9
            +---------+---------+-------+---------+---------+-------
        D:1 |      36 |       0 |   0.0 |      21 |       0 |   0.0
        D:2 |      41 |      69 |  62.7 |      17 |       2 |  10.5
        D:3 |      35 |       0 |   0.0 |      11 |       0 |   0.0
            +---------+---------+-------+---------+---------+-------
